Map: [ESL] Hard Lead

Players

GuMiho

  • Race: Terran Terran
  • Spawn Location: 11:00

DKZDark (Dark) - Winner!

  • Race: Zerg Zerg
  • League: Master
  • Spawn Location: 5:00

Event: IEM Katowice 2024

VOD

Have the link to the VOD?

Description

Time

  • Played on: Dec. 6, 2023, 6:43 a.m.
  • Length: 4:11

All games in this series

Show
View Real Time Build Order
Export as new Build Order

GuMiho Terran 

Build Orders:  

Get SALT Encoding   

  12  0:00  SCV  
  13  0:12  SCV  
  14  0:17  Supply Depot  
  14  0:24  SCV  
  15  0:40  Barracks  
  16  0:49  Barracks  
  15  1:01  Barracks  
  15  1:05  SCV  
  16  1:17  SCV  
  17  1:26  Marine  
  17  1:29  Orbital Command  
  18  1:34  Supply Depot  
  18  1:39  Marine  
  19  1:44  Marine  
  20  1:49  Marine  
  21  1:55  SCV  
  21  1:56  Marine  
  23  2:02  Marine  
  23  2:08  Bunker  
  24  2:09  Marine  
  24  2:14  Supply Depot  
  25  2:16  Marine  
  25  2:20  Marine  
  25  2:22  SCV  
  28  2:27  Marine  
  29  2:34  Marine, SCV  
  30  2:41  Marine  
  30  2:45  Marine  
  30  2:48  SCV  
  32  2:52  Marine  
  33  2:59  Marine  
  33  3:01  SCV  
  33  3:03  Marine  
  36  3:08  Supply Depot  
  36  3:10  Marine  
  37  3:17  Marine  
  37  3:18  SCV  
  34  3:21  Marine  
  35  3:27  Refinery x2  
  35  3:28  Marine  
  35  3:30  SCV  
  37  3:34  Marine  
  37  3:39  Marine  
  39  3:42  SCV  
  39  3:45  Marine  
  39  3:52  Marine  
  40  3:57  Command Center  
  40  3:58  SCV  
Show
View Real Time Build Order
Export as new Build Order

DKZDark Zerg - Winner!

Build Orders: Pool First 

Get SALT Encoding   

  12  0:00  Drone  
  13  0:11  Overlord  
  13  0:16  Drone  
  14  0:30  Drone x2  
  16  0:40  Spawning Pool  
  15  0:43  Drone  
  15  0:46  Drone  
  17  0:57  Drone  
  18  1:10  Hatchery  
  17  1:13  Extractor  
  16  1:27  Zergling x6  
  16  1:30  Queen  
  21  1:40  Overlord  
  21  1:49  Drone  
  22  1:59  Zergling x2  
  23  2:05  Spine Crawler  
  22  2:10  Zergling x2  
  23  2:15  Metabolic Boost  
  23  2:21  Zergling x2  
  24  2:23  Zergling x2  
  24  2:39  Zergling x4  
  24  2:42  Zergling x6  
  28  2:46  Zergling x4  
  28  2:47  Queen  
  32  3:02  Zergling x4  
  32  3:05  Zergling x2  
  33  3:14  Zergling x2  
  33  3:16  Zergling x2  
  33  3:17  Zergling x2  
  28  3:23  Queen  
  28  3:26  Zergling x2  
  28  3:27  Zergling x2  
  31  3:38  Zergling x4  
  33  3:50  Zergling x4  

Tags
 
Add a new tag
Caveats
  • Supply blocks, unpowered buildings, or Contaminate may cause inaccurate times.
  • Supply counts are checked every 10 seconds.